 Dungeon Crawl Stone Soup version 0.31-a0-37-g98a128e1d9 (webtiles) character file.

Game seed: 10387777495305387877

1398 Essalna the Conjurer (level 8, -4/49 HPs)
             Began as a Tengu Fire Elementalist on May 15, 2023.
             Slain by a gnoll
             ... wielding a +0 flail
              (11 damage)
             ... on level 7 of the Dungeon.
             The game lasted 00:08:27 (4360 turns).

Essalna the Conjurer (Tengu Fire Elementalist)      Turns: 4360, Time: 00:08:28

Health: -4/49      AC:  0    Str:  8    XL:     8   Next: 69%
Magic:  4/12       EV: 16    Int: 18    God:
Gold:   332        SH:  0    Dex: 15    Spells: 8/11 levels left

rFire   . . .        e - +2 dagger (venom)
rCold   + . .        (no shield)
rNeg    . . .        a - +0 robe
rPois   .            (helmet restricted)
rElec   .            d - +0 cloak
rCorr   .            (no gloves)
SInv    .            (boots unavailable)
Will    .....        g - amulet of magic regeneration
Stlth   ++           r - ring of wizardry
HPRegen 0.28/turn    q - ring of protection from cold
MPRegen 0.53/turn

%: wizardry (x1)
@: marked, corroded, flying quickly and evasively, quick
A: beak, talons 3, nimble flight
a: no special abilities


You were on level 7 of the Dungeon.
You visited 1 branch of the dungeon, and saw 7 of its levels.

You collected 332 gold pieces.

Inventory:

Hand Weapons
 e - a +2 dagger of venom (weapon)
Armour
 a - a +0 robe (worn)
 d - a +0 cloak (worn)
Jewellery
 g - an amulet of magic regeneration (around neck)
 p - a +6 ring of dexterity
 q - a ring of protection from cold (right hand)
 r - a ring of wizardry (left hand)
Wands
 v - a wand of flame (12)
Scrolls
 c - 9 scrolls of identify {unknown}
 f - a scroll of acquirement {unknown}
 h - a scroll of magic mapping {unknown}
 i - 2 scrolls of enchant armour {unknown}
 k - a scroll of teleportation {unknown}
 m - a scroll of enchant weapon {unknown}
 t - a scroll of poison {unknown}
 y - a scroll of blinking {unknown}
Potions
 b - 2 potions of magic
 j - a potion of lignification {unknown}
 l - a potion of curing {unknown}
 n - a potion of degeneration {unknown}
 o - 2 potions of flight {unknown}
 s - a potion of brilliance {unknown}
 u - a potion of cancellation {unknown}
 w - a potion of ambrosia {unknown}
 x - a potion of mutation {unknown}
 z - a potion of might {unknown}


   Skills:
 + Level 5.3 Fighting
 + Level 3.1 Armour
 + Level 4.0 Dodging
 - Level 2.0 Stealth
 - Level 2.0 Spellcasting
 + Level 7.0 Conjurations
 + Level 6.8 Fire Magic


You had 8 spell levels left.
You knew the following spells:

 Your Spells              Type           Power      Damage    Failure   Level
a - Foxfire               Conj/Fire      100%       2x1d9     1%          1
b - Scorch                Fire           52%        2d7       1%          2

Your spell library contained the following spells:

 Spells                   Type           Power      Damage    Failure   Level
 Flame Wave               Conj/Fire      26%        2d8       4%          4
 Inner Flame              Hex/Fire       14%        N/A       6%          3
 Volatile Blastmotes      Fire/Tloc      28%        2d12      6%          3
 Apportation              Tloc           2%         N/A       8%          1
 Necrotise                Necr           4%         1d4       8%          1
 Slow                     Hex            4%         N/A       8%          1
 Summon Small Mammal      Summ           4%         N/A       8%          1
 Confusing Touch          Hex            1%         N/A       21%         3
 Vampiric Draining        Necr           1%         2d6       21%         3


Dungeon Overview and Level Annotations

Branches:
Dungeon (7/15)
 Temple: D:4-7

Altars:
Xom


Innate Abilities, Weirdness & Mutations

You have a beak for a mouth.
You have claws for feet.
Your magical nature lets you fly swiftly and evasively.


Message History

The gnoll is heavily wounded.
An ogre comes into view. It is wielding a +0 giant spiked club.
The centaur wields a +0 shortbow.
The centaur shoots an arrow.
The arrow hits you!
A gnoll comes into view. It is wielding a +0 flail.
Your Dodging skill increases to level 4!
The foxfire hits the gnoll.
The gnoll is heavily wounded.
A gnoll comes into view. It is wielding a +0 flail.
The gnoll barely misses you.
A gnoll comes into view. It is wielding a +0 whip.
The gnoll hits you with a +0 flail.
The centaur shoots an arrow.
The arrow hits you!
* * * LOW HITPOINT WARNING * * *
The gnoll misses you.
There is a stone staircase leading down here.
The gnoll closely misses you.
You fly downwards.
You hear the hiss of flowing sand.
There is an entrance to an ossuary on this level.
Hurry and find it before the portal is buried!
Found a scroll labelled YLOFEL QUCECW.
Found a stone staircase leading up.
There is a stone staircase leading up here.
Casting: Foxfire (safe; 1% risk of failure)
Confirm with . or Enter, or press ? or * to list all spells.
Flames lash the gnoll.
The gnoll is severely wounded.
The gnoll's fire resistance burns away.
The gnoll closely misses you. The gnoll hits you with a +0 flail.
* * * LOW HITPOINT WARNING * * *
Casting: Scorch (safe; 1% risk of failure)
Confirm with . or Enter, or press ? or * to list all spells.
Flames lash the gnoll.
The gnoll is burned terribly!
You kill the gnoll!
The gnoll completely misses you.
Casting: Scorch (safe; 1% risk of failure)
Confirm with . or Enter, or press ? or * to list all spells.
Flames lash the gnoll.
The gnoll is almost dead.
The gnoll's fire resistance burns away.
The gnoll hits you with a +0 flail!
You die...

...### .... #
..#..# ...#.#
#....##
#.....#..
###.......#
#.)@g......
#......<......
#.............
#...........#.
...............
.#.............
#..#..........
#.##?........#


You could see a gnoll (combustible).

Vanquished Creatures
  2 water moccasins
  2 black bears (D:5)
  2 ogres (D:5)
  A centaur (D:5)
  A phantom (D:4)
  A bullfrog (D:5)
  A scorpion (D:5)
  A gnoll bouda (D:5)
  3 hounds (D:5)
  2 jellies
  An orc priest (D:3)
  An iguana (D:5)
  3 orc wizards (D:3)
  A gnoll (D:7)
  10 adders
  2 shadow imps (D:5)
  A white imp (D:6)
  An ufetubus (D:5)
  2 worms
  3 dart slugs
  22 orcs
  9 ball pythons
  11 endoplasms
  2 giant cockroaches
  7 goblins
  6 hobgoblins
  2 quokkas
  5 bats
  3 frilled lizards
  5 kobolds
  8 rats
121 creatures vanquished.

Vanquished Creatures (others)
  418 foxfires
418 creatures vanquished.

Grand Total: 539 creatures vanquished

Notes
Turn   | Place    | Note
-------+----------+-------------------------------------------
     0 | D:1      | Essalna the Tengu Fire Elementalist began the quest for the
                  | Orb.
     0 | D:1      | Reached XP level 1. HP: 10/10 MP: 4/4
   295 | D:1      | Reached XP level 2. HP: 16/16 MP: 3/6
   297 | D:1      | Reached skill level 2 in Conjurations
   408 | D:1      | Learned a level 2 spell: Scorch
   638 | D:1      | Reached skill level 1 in Fighting
   869 | D:2      | Reached XP level 3. HP: 8/20 MP: 3/7
  1422 | D:3      | Reached skill level 3 in Conjurations
  1422 | D:3      | Reached XP level 4. HP: 25/26 MP: 3/8
  1532 | D:3      | Gained mutation: Your magical nature lets you fly swiftly
                  | and evasively. [Tengu growth]
  1532 | D:3      | Reached XP level 5. HP: 31/31 MP: 5/9
  1713 | D:3      | Reached skill level 4 in Conjurations
  1763 | D:3      | Noticed a water moccasin
  1768 | D:3      | Killed a water moccasin
  1769 | D:3      | Reached skill level 5 in Fire Magic
  1769 | D:3      | Reached XP level 6. HP: 37/37 MP: 2/10
  2186 | D:3      | Found a shimmering altar of Xom.
  2383 | D:4      | Reached skill level 5 in Conjurations
  2766 | D:4      | Reached XP level 7. HP: 42/42 MP: 9/11
  3007 | D:5      | Entered Level 5 of the Dungeon
  3207 | D:5      | Reached skill level 6 in Conjurations
  3358 | D:5      | Reached skill level 1 in Armour
  3724 | D:5      | Reached XP level 8. HP: 22/48 MP: 7/12
  4045 | D:5      | Reached skill level 5 in Fighting
  4184 | D:5      | Reached skill level 7 in Conjurations
  4360 | D:7      | Slain by a gnoll

Illustrated notes

Levels and vault maps discovered:
D:1:      dpeg_arrival_ratfight, layout_basic
D:2:      layout_basic
D:3:      layout_basic, marbit_many_paths, hangedman_decor_growths,
          minmay_misc_feat_room
D:4:      layout_loops_ring, minmay_cupped
D:5:      minmay_razor_zed, layout_loops_ring, minmay_misc_feat_more_columns
D:6:      layout_basic, nicolae_elyvilon_peaceful_grove,
          minmay_temple_entry_proselytizer
D:7:      layout_rooms, nicolae_ossuary_entry_giza

Skill      XL: |  1  2  3  4  5  6  7  8 |
---------------+-------------------------+-----
Conjurations   | 2 3 4 5 6 7 |  7.0
Fighting       | 1 2 3 4 5 |  5.3
Fire Magic     | 4 5 6 |  6.8
Armour         | 2 3 |  3.1
Dodging        | 3 4 |  4.0
Stealth        | |  2.0
Spellcasting   | |  2.0

Action                     |  1- 3 |  4- 6 |  7- 9 || total
---------------------------+-------+-------+-------++-------
  Melee: Unarmed           |     3 |       |       ||     3
         Kick              |     3 |     8 |     5 ||    16
         Dagger            |    16 |    25 |    15 ||    56
         Peck              |       |     5 |     2 ||     7
   Cast: Foxfire           |    55 |   122 |    84 ||   261
         Scorch            |       |     1 |    28 ||    29
    Use: Scroll            |     3 |       |       ||     3
   Stab: Sleeping          |       |     1 |       ||     1
 Armour: Robe              |     4 |     1 |     6 ||    11
  Dodge: Dodged            |     6 |    42 |    47 ||    95

Table legend: (Time is in decaauts)
 A = Elapsed time spent in this place.
 B = Non-inter-level travel time spent in this place.
 C = Inter-level travel time spent in this place.
 D = Time resting spent in this place.
 E = Time spent auto-exploring this place.
 F = Levels seen in this place.
 G = Mean time per level.
                   A        B        C        D        E       F      G
               +--------+--------+--------+--------+--------+-----+--------+
         Total |   4167 |   3999 |    168 |     70 |   3269 |   7 |  595.3 |
       Dungeon |   4167 |   3999 |    168 |     70 |   3269 |   7 |  595.3 |
               +--------+--------+--------+--------+--------+-----+--------+

Top non-repeatable levels by time:
     D:5: 1252 daAuts
     D:1: 1005 daAuts
     D:3: 700 daAuts
     D:4: 678 daAuts
     D:2: 508 daAuts
     D:6: 20 daAuts
     D:7: 2 daAuts
